 Dungeon Crawl Stone Soup version 0.17.0-24-gcfadda4 (webtiles) character file.

23 graki42 the Insei (level 2, -2/18 HPs)
             Began as an Octopode Transmuter on Nov 17, 2015.
             Engulfed by a cloud of steam (5 damage)
             ... on level 1 of the Dungeon.
             The game lasted 00:02:26 (852 turns).

graki42 the Insei (Octopode Transmuter)              Turns: 852, Time: 00:02:26

Health: -2/18      AC:  1    Str:  9    XL:     2   Next: 95%
Magic:  5/5        EV: 12    Int: 15    God:
Gold:   53         SH:  0    Dex: 12    Spells: 1 memorised, 4 levels left

rFire  . . .     SeeInvis .       - Unarmed
rCold  . . .     Clarity  .     (no shield)
rNeg   . . .     SustAt   .     (helmet restricted)
rPois  .         Gourm    .     (no amulet)
rElec  .         Spirit   .     (no ring)
rCorr  .         Warding  .     (no ring)
rMut   .         Stasis   .     (no ring)
MR     .....                    (no ring)
Stlth  ++++......               (no ring)
                                (no ring)
                                (no ring)
                                (no ring)

@: not resistant to hostile enchantments, stealthy
A: almost no armour, amphibious, 8 rings, constrict 8, camouflage 1, gelatinous
body 1
a: no special abilities


You were on level 1 of the Dungeon.
You were not hungry.

You visited 1 branch of the dungeon, and saw 1 of its levels.

You collected 53 gold pieces.

Inventory:

Missiles
 a - 51 arrows
Scrolls
 e - a scroll of recharging {unknown}
 f - a scroll of enchant armour {unknown}
 g - 2 scrolls of fear {unknown}
 i - 3 scrolls of random uselessness {unknown}
Potions
 d - a potion of heal wounds {unknown}
 h - a potion of degeneration {unknown}
Books
 b - a book of Changes

   Spells                             Type                      Level
   a - Beastly Appendage              Transmutation                1
   b - Sticks to Snakes               Transmutation                2
   c - Spider Form                    Transmutation/Poison         3
   d - Ice Form                       Ice/Transmutation            4
   e - Blade Hands                    Transmutation                5
Comestibles
 c - 2 bread rations


   Skills:
 + Level 1.1 Fighting
 + Level 2.2 Dodging
 * Level 1.3 Stealth
 + Level 3.4 Unarmed Combat
 + Level 2.1 Spellcasting
 + Level 2.1 Transmutations


You had 4 spell levels left.
You knew the following spells:

 Your Spells              Type           Power        Failure   Level  Hunger
a - Beastly Appendage     Trmt           #.....       12%         1    #......


Dungeon Overview and Level Annotations

Branches:
Dungeon (1/15)

Altars:


Innate Abilities, Weirdness & Mutations

You cannot wear most types of armour.
You are amphibious.
You can wear up to eight rings at the same time.
You can use your tentacles to constrict eight enemies at once.
Your skin changes colour to match your surroundings (Stealth).
Your rubbery body absorbs attacks (AC +1).


Message History

The goblin shouts!
The goblin hits you.
Found 12 stones.
You closely miss the goblin. You grab the goblin. You squeeze the goblin.
You kill the goblin!
Things that are here:
12 stones; 21 poisoned needles Partly explored, can't reach some places.
Your transformation is almost over.
Your magical contamination has completely faded away.
Your tentacle spike disappears.
You see here a whip.
Really walk into a travel-excluded area?
You are engulfed in a cloud of scalding steam.
Ouch! That really hurt!
You are engulfed in a cloud of scalding steam.
* * * LOW HITPOINT WARNING * * *
You start resting.
You are engulfed in a cloud of scalding steam.
You die...

#....#>...# #.######.#
####.#.##.###+##.# #.#
#.#.##..#.....###.#
#.#.....#......)..#
####..........#####
#...........)...
#####.....#.##.#.#..
#§§##≈....#.##.#.#..
§≈§##@#≈≈...#.##.#.#..
#≈§§#
#≈≈≈≈...#.##.#....
###§
###≈≈.#...##.#....
#≈..##)###.#..##
#...##..##)#....
#..####.##.#.##. #..#
#..#.#.... ####
##.#.##### #........


There were no monsters in sight!

Vanquished Creatures
  An ooze (D:1)
  2 bats (D:1)
  3 goblins (D:1)
  2 hobgoblins (D:1)
  A jackal (D:1)
  6 kobolds (D:1)
  3 rats (D:1)
18 creatures vanquished.

Vanquished Creatures (others)
  2 jackals (D:1)
2 creatures vanquished.

Grand Total: 20 creatures vanquished

Notes
Turn   | Place    | Note
--------------------------------------------------------------
     0 | D:1      | graki42 the Octopode Transmuter began the quest for the Orb.
     0 | D:1      | Reached XP level 1. HP: 13/13 MP: 3/3
   224 | D:1      | Reached XP level 2. HP: 18/18 MP: 5/5
   234 | D:1      | Reached skill level 1 in Stealth
   852 | D:1      | Engulfed by a cloud of steam

Action                   || total
-------------------------++-------
Melee: Unarmed           ||    40
 Cast: Beastly Appendage ||     9
 Stab: Sleeping          ||     4
